 Dungeon Crawl Stone Soup version 0.26.1-11-gd32895ea62 (webtiles) character file.

Game seed: 15990768812886466222

161 swilekon the Sneak (level 5, 25/31 HPs)
             Began as an Octopode Air Elementalist on July 7, 2021.
             Quit the game on level 3 of the Dungeon.
             The game lasted 00:06:39 (4004 turns).

swilekon the Sneak (Octopode Air Elementalist)      Turns: 4004, Time: 00:06:39

Health: 25/31      AC:  1    Str:  8    XL:     5   Next: 42%
Magic:  5/9        EV: 11    Int: 18    God:
Gold:   109        SH:  8    Dex: 12    Spells: 9/10 levels left

rFire    . . .     SeeInvis .   f - +0 dagger
rCold    + . .     Faith    .   i - +2 kite shield
rNeg     . . .     Spirit   .   (helmet restricted)
rPois    .         Reflect  .   (no amulet)
rElec    .         Harm     .   a - ring of protection from cold
rCorr    .         Rampage  .   (no ring)
Will     .....                  (no ring)
Stlth    +++.......             (no ring)
HPRegen  0.10/turn              (no ring)
MPRegen  0.11/turn              (no ring)
                                (no ring)
                                (no ring)

@: very slightly contaminated
A: almost no armour, stealthy swim, amphibious, 8 rings, constrict 8, camouflage
1, gelatinous body 1
a: no special abilities


You were on level 3 of the Dungeon.
You visited 1 branch of the dungeon, and saw 3 of its levels.

You collected 109 gold pieces.

Inventory:

Hand Weapons
 f - a +0 dagger (weapon)
Armour
 i - a +2 kite shield (worn)
Jewellery
 a - a ring of protection from cold (left tentacle)
Scrolls
 d - 6 scrolls of remove curse {unknown}
 e - a scroll of teleportation {unknown}
 h - 2 scrolls of identify {unknown}
 j - a scroll of noise {unknown}
 l - a scroll of enchant armour {unknown}
Potions
 b - a potion of degeneration {unknown}
 c - 2 potions of curing {unknown}
 g - a potion of brilliance {unknown}
 k - a potion of flight {unknown}
 m - a potion of might {unknown}


   Skills:
 + Level 2.7 Dodging
 + Level 3.9 Stealth
 * Level 3.1 Spellcasting
 + Level 2.1 Conjurations
 + Level 3.8 Air Magic


You had 9 spell levels left.
You knew the following spells:

 Your Spells              Type           Power        Failure   Level
a - Shock                 Conj/Air       52%          32%         1

Your spell library contained the following spells:

 Spells                   Type           Power        Failure   Level
 Swiftness                Air            16%          34%         2
 Static Discharge         Conj/Air       13%          69%         3
 Freeze                   Ice            8%           75%         1
 Airstrike                Air            8%           92%         4
 Frozen Ramparts          Ice            4%           98%         3
 Ozocubu's Armour         Ice            2%           98%         3
 Hailstorm                Conj/Ice       6%           100%        4
 Summon Ice Beast         Ice/Summ       2%           100%        4
 Lightning Bolt           Conj/Air       6%           100%        5


Dungeon Overview and Level Annotations

Branches:
Dungeon (3/15)

Altars:
Hepliaklqana


Innate Abilities, Weirdness & Mutations

You cannot wear most types of armour.
You are very stealthy in the water. (Stealth+)
You are amphibious.
You can wear up to eight rings at the same time.
You can use your tentacles to constrict eight enemies at once.
Your skin changes colour to match your surroundings (Stealth+).
Your rubbery body absorbs attacks. (AC +1, EV +1)


Message History

The zap hits the ball python.
You kill the ball python!
You start resting.
Magic restored.
An orc comes into view.
It is wielding a +0 dagger of electrocution.
No target in view!
An orc is nearby!
The zap hits the orc.
The orc is heavily wounded.
The orc shouts!
The zap hits the orc.
The orc is almost dead.
You miscast Shock.
You are very lightly contaminated with residual magic.
Nothing appears to happen.
The zap hits the orc.
You kill the orc!
Okay, then.
Okay, then.
Are you sure you want to abandon this character and quit the game? (Confirm with "yes".)

#.....##.##..### #.#
#.....#†#(.....# #.#
####.##..###.#.#.#
#(..#......#.#.#.#
#(..#.)<......>#.#
#...#........###.#
####.##.....####.#
.......#.#†.........#
#####..##.##.@.############
#....#.#..............#
...##..##.##..########.##
..###...#(#..########.#
.........###.)#..).....#
....###.#......#.########
...#.#.#..#.#
#.##.#.#......# #
#.###..###


There were no monsters in sight!

Vanquished Creatures
  An iguana (D:3)
  A worker ant (D:3)
  3 gnolls (D:2)
  2 adders (D:2)
  2 worms (D:2)
  3 dart slugs (D:2)
  An orc (D:3)
  4 bats
  A giant cockroach (D:2)
  11 goblins
  5 hobgoblins
  5 jackals
  4 ball pythons
  5 frilled lizards
  4 kobolds
  6 rats
58 creatures vanquished.

Vanquished Creatures (others)
  3 plants (D:2)
3 creatures vanquished.

Grand Total: 61 creatures vanquished

Notes
Turn   | Place    | Note
-------+----------+-------------------------------------------
     0 | D:1      | swilekon the Octopode Air Elementalist began the quest for
                  | the Orb.
     0 | D:1      | Reached XP level 1. HP: 11/11 MP: 3/3
   248 | D:1      | Reached XP level 2. HP: 17/17 MP: 1/5
  1408 | D:2      | Reached XP level 3. HP: 19/21 MP: 0/6
  1727 | D:2      | Reached XP level 4. HP: 27/27 MP: 0/7
  1849 | D:2      | Found a hazy altar of Hepliaklqana.
  3606 | D:3      | Reached XP level 5. HP: 15/31 MP: 1/9
  4004 | D:3      | Quit the game

Illustrated notes

Levels and vault maps discovered:
D:1:      minmay_arrival_split_and_join, layout_basic, minivault_19
D:2:      layout_basic, nzn_hepliaklqana_mist_gate, serial_bayou,
          serial_bayou_pond_a, serial_bayou_shore_a, serial_bayou_pond_d,
          serial_bayou_pond_a, serial_bayou_lagoon_a
D:3:      kennysheep_six_static_rooms, layout_basic, fedhas_altar_fruit_tree,
          gammafunk_ghost_cemetery, minmay_vboxes

Skill      XL: |  1  2  3  4 |
---------------+-------------+-----
Stealth        | 3 |  3.9
Conjurations   | 2 |  2.1
Spellcasting   | 3 |  3.1
Dodging        | |  2.7
Air Magic      | |  3.8

Action                   |  1- 3 |  4- 6 || total
-------------------------+-------+-------++-------
Melee: Unarmed           |    26 |       ||    26
       Constrict         |     8 |     3 ||    11
       Tentacles         |     2 |     5 ||     7
       Dagger            |     6 |    18 ||    24
 Cast: Shock             |    63 |    66 ||   129
Armor: Skin              |     7 |     8 ||    15
Dodge: Dodged            |    50 |    26 ||    76
Block: Kite shield       |       |    24 ||    24
